 Dungeon Crawl Stone Soup version 0.29-a0-330-g52719c12eb (webtiles) character file.

Game seed: 823140910747420937

16 Aelig the Sneak (level 2, -2/15 HPs)
             Began as a Kobold Enchanter on Apr 29, 2022.
             Slain by a hobgoblin
             ... wielding a +0 spear
              (7 damage)
             ... on level 2 of the Dungeon.
             The game lasted 00:01:33 (1257 turns).

Aelig the Sneak (Kobold Enchanter)                  Turns: 1257, Time: 00:01:33

Health: -2/15      AC:  3    Str:  5    XL:     2   Next: 70%
Magic:  1/5        EV: 15    Int: 16    God:
Gold:   31         SH:  0    Dex: 15    Spells: 3/5 levels left

rFire   . . .      SeeInvis .   a - +1 dagger
rCold   . . .      Faith    .   (no shield)
rNeg    . . .      Spirit   .   b - +0 robe
rPois   .          Reflect  .   (no helmet)
rElec   .          Harm     .   (no cloak)
rCorr   .          Rampage  .   (no gloves)
Will    .....                   e - +0 pair of boots
Stlth   ++++......              (no amulet)
HPRegen 0.05/turn               (no ring)
MPRegen 0.09/turn               (no ring)

@: no status effects
A: small, no large weapons, nightstalker 3
a: no special abilities


You were on level 2 of the Dungeon.
You visited 1 branch of the dungeon, and saw 2 of its levels.

You collected 31 gold pieces.

Inventory:

Hand Weapons
 a - a +1 dagger (weapon)
Armour
 b - a +0 robe (worn)
 e - a +0 pair of boots (worn)
Scrolls
 d - a scroll of vulnerability {unknown}
 j - a scroll of immolation {unknown}
 k - a scroll of enchant armour {unknown}
Potions
 c - 2 potions of invisibility
 f - a potion of curing {unknown}
 g - a potion of resistance {unknown}
 h - a potion of heal wounds {unknown}
 i - a potion of degeneration {unknown}


   Skills:
 - Level 1.3 Short Blades
 - Level 2.4 Dodging
 - Level 4.0 Stealth
 - Level 2.1 Spellcasting
 + Level 3.6 Hexes
 + Level 0.8 Ice Magic


You had 3 spell levels left.
You knew the following spells:

 Your Spells              Type           Power      Damage    Failure   Level
a - Ensorcelled Hibernat  Hex/Ice        16%        N/A       12%         2

Your spell library contained the following spells:

 Spells                   Type           Power      Damage    Failure   Level
 Confusing Touch          Hex            13%        N/A       14%         3
 Tukima's Dance           Hex            13%        N/A       14%         3
 Dazzling Flash           Conj/Hex       14%        N/A       28%         3


Dungeon Overview and Level Annotations

Branches:
Dungeon (2/15)

Altars:


Innate Abilities, Weirdness & Mutations

You are small and have problems with some larger weapons.
You are completely attuned to the shadows.


Message History

The hobgoblin shouts!
You hear a shout!
You hit the hobgoblin.
The hobgoblin is severely wounded.
The hobgoblin hits you.
You hit the hobgoblin.
You kill the hobgoblin!
HP restored.
A hobgoblin comes into view. It is wielding a +0 spear.
The hobgoblin shouts!
The hobgoblin hits you with a +0 spear.
You hit the hobgoblin but do no damage.
Casting: Ensorcelled Hibernation (safe; 12% risk of failure)
Confirm with . or Enter, or press ? or * to list all spells.
Aiming: Ensorcelled Hibernation (safe; 12% risk of failure)
Press: ? - help, Shift-Dir - straight line, f - hobgoblin
Aim: a hobgoblin, wielding a +0 spear (chance to affect: 59%)
The hobgoblin resists with significant effort.
The hobgoblin barely misses you.
You barely miss the hobgoblin. The hobgoblin barely misses you.
Casting: Ensorcelled Hibernation (safe; 12% risk of failure)
Confirm with . or Enter, or press ? or * to list all spells.
Aiming: Ensorcelled Hibernation (safe; 12% risk of failure)
Press: ? - help, Shift-Dir - straight line, f/p - hobgoblin
Aim: a hobgoblin, wielding a +0 spear (chance to affect: 59%)
The hobgoblin resists with significant effort.
The hobgoblin barely misses you.
Casting: Ensorcelled Hibernation (safe; 12% risk of failure)
Confirm with . or Enter, or press ? or * to list all spells.
You don't have enough magic to cast this spell.
Unknown command.
You hit the hobgoblin.
The hobgoblin is heavily wounded.
The hobgoblin completely misses you.
You barely miss the hobgoblin.
The hobgoblin is heavily wounded.
The hobgoblin hits you with a +0 spear.
You hit the hobgoblin but do no damage. Your punch misses the hobgoblin.
The hobgoblin is heavily wounded.
The hobgoblin hits you with a +0 spear!
You die...

#. ### #.# ..##
##.###### .<.#
###..g@....
......
........#..
...... ##..##.#
....## ...
#..##.# ...##
... #...... #.#
#.##### #.# #.#
##[## #.#
#######...###.#


You could see a hobgoblin.

Vanquished Creatures
  A giant cockroach (D:1)
  4 goblins (D:1)
  2 hobgoblins
  3 quokkas (D:1)
  A bat (D:1)
  A frilled lizard (D:1)
  A kobold (D:1)
  A rat (D:1)
14 creatures vanquished.

Notes
Turn   | Place    | Note
-------+----------+-------------------------------------------
     0 | D:1      | Aelig the Kobold Enchanter began the quest for the Orb.
     0 | D:1      | Reached XP level 1. HP: 10/10 MP: 3/3
     7 | D:1      | Noticed a polar bear
     7 | D:1      | Noticed an anaconda
    20 | D:1      | Found a faded altar of an unknown god.
   125 | D:1      | Noticed a scorpion
   126 | D:1      | Noticed a swamp drake
   525 | D:1      | Reached XP level 2. HP: 15/15 MP: 5/5
   532 | D:1      | Learned a level 2 spell: Ensorcelled Hibernation
  1257 | D:2      | Slain by a hobgoblin

Illustrated notes

Levels and vault maps discovered:
D:1:      onia_arrival_zoo_common, layout_loops_corners, basic_ecumenical_altar,
          minmay_circled_x
D:2:      layout_loops_ring

Action                   || total
-------------------------++-------
Melee: Dagger            ||    53
 Cast: Ensorcelled Hiber ||     2
 Stab: Sleeping          ||     6
Armor: Robe              ||     3
Dodge: Dodged            ||    31

Table legend: (Time is in decaauts)
 A = Elapsed time spent in this place.
 B = Non-inter-level travel time spent in this place.
 C = Inter-level travel time spent in this place.
 D = Time resting spent in this place.
 E = Time spent auto-exploring this place.
 F = Levels seen in this place.
 G = Mean time per level.
                   A        B        C        D        E       F      G
               +--------+--------+--------+--------+--------+-----+--------+
         Total |   1256 |   1170 |     86 |    157 |    825 |   2 |  628.0 |
       Dungeon |   1256 |   1170 |     86 |    157 |    825 |   2 |  628.0 |
               +--------+--------+--------+--------+--------+-----+--------+

Top non-repeatable levels by time:
     D:1: 1148 daAuts
     D:2: 108 daAuts
